 Dungeon Crawl Stone Soup version 0.32-a0-686-gc880bc2 (webtiles) character file.

Game seed: 1045955853873175693

16390 Toastz the Grappler (level 12, -7/119 HPs)
             Began as a Troll Shapeshifter on Mar 12, 2024.
             Was a High Priest of Makhleb.
             Mangled by a five-headed hydra (9 damage)
             ... on level 2 of the Lair of Beasts.
             The game lasted 00:21:10 (8769 turns).

Toastz the Grappler (Troll Shapeshifter)            Turns: 8769, Time: 00:21:11

Health: -7/119     AC:  3    Str: 35    XL:     12   Next: 9%
Magic:  13/13      EV: 11    Int:  6    God:    Makhleb [*****.]
Gold:   1341       SH:  0    Dex:  9    Spells: 11/11 levels left

rFire   . .          .
                       - Unarmed
rCold   . . .        (no shield)
rNeg    . . .        b - melded +0 swamp dragon scales
rPois   .            (helmet restricted)
rElec   .            H - +0 cloak
rCorr   .            (gloves unavailable)
SInv    .            (boots unavailable)
Will    .....        t - amulet of regeneration
Stlth   +            f - +4 ring of slaying
HPRegen 1.99/turn    z - +6 ring of strength
MPRegen 0.13/turn

%: no passive effects
@: about to teleport, maw-form
A: devouring maw, large, unfitting armour, claws 3, regeneration 1, shaggy fur
1, tough skin 1
a: Begin Untransformation, Renounce Religion, Minor Destruction, Lesser Servant
of Makhleb, Major Destruction, Greater Servant of Makhleb


You were on level 2 of the Lair of Beasts.
You worshipped Makhleb.
Makhleb was extremely pleased with you.
You were a creature with a mouth for a stomach.
You visited 3 branches of the dungeon, and saw 13 of its levels.
You also visited: Bailey.

You collected 1341 gold pieces.

Inventory:

Missiles
 C - 2 throwing nets
 K - 15 boomerangs
 M - 4 atropa-tipped darts
 P - 4 datura-tipped darts
Armour
 b - +0 swamp dragon scales (melded)
 H - a +0 cloak (worn)
Jewellery
 f - a +4 ring of slaying (left claw)
 t - an amulet of regeneration (around neck)
 z - a +6 ring of strength (right claw)
 J - a ring of poison resistance
Talismans
 c - a beast talisman
 d - a flux talisman
 D - a maw talisman (active)
Wands
 u - a wand of flame (46) (quivered)
 v - a wand of digging (9)
 E - a wand of roots (5)
 G - a wand of paralysis (12)
 L - a wand of acid (2)
Scrolls
 e - 2 scrolls of fog
 g - a scroll of silence {unknown}
 h - a scroll of poison {unknown}
 l - 4 scrolls of teleportation
 m - a scroll of brand weapon {unknown}
 s - 2 scrolls of revelation
 w - a scroll of immolation
 y - 2 scrolls of amnesia
 B - 2 scrolls of vulnerability {unknown}
 I - a scroll of blinking {unknown}
 O - a scroll of summoning
 Q - a scroll of enchant weapon
Potions
 a - 2 potions of lignification
 i - 7 potions of brilliance
 j - 5 potions of attraction
 k - 3 potions of mutation
 n - 5 potions of curing
 o - 2 potions of haste
 p - a potion of degeneration {unknown}
 q - 5 potions of enlightenment {unknown}
 r - a potion of magic {unknown}
 x - 2 potions of ambrosia {unknown}
 A - a potion of heal wounds {unknown}
 F - 2 potions of berserk rage {unknown}
Miscellaneous
 N - a condenser vane


   Skills:
 + Level 7.7 Fighting
 + Level 8.0 Dodging
 * Level 11.0 Unarmed Combat
 + Level 3.2 Invocations
 - Level 10.0 Shapeshifting


You had 11 spell levels left.
You didn't know any spells.
Your spell library contained the following spells:

 Spells                   Type           Power      Damage    Failure   Level
 Apportation              Tloc           0%         N/A       45%         1
 Foxfire                  Conj/Fire      0%         2x1d4     45%         1
 Kiss of Death            Conj/Necr      0%         2d5       45%         1
 Necrotise                Necr           0%         1d4       45%         1
 Sting                    Conj/Alch      0%         1d3       45%         1
 Summon Small Mammal      Summ           0%         N/A       45%         1
 Jinxbite                 Hex            0%         N/A       58%         2
 Confusing Touch          Hex            0%         N/A       83%         3
 Inner Flame              Hex/Fire       0%         N/A       83%         3
 Dispel Undead            Necr           0%         3d6       99%         4
 Flame Wave               Conj/Fire      0%         2d4       99%         4
 Sticky Flame             Fire/Alch      0%         2d4       99%         4
 Alistair's Intoxication  Alch           0%         N/A       100%        5
 Plasma Beam              Fire/Air       0%         2x1d10    100%        6
 Starburst                Conj/Fire      0%         6d3       100%        6


Dungeon Overview and Level Annotations

Branches:
Dungeon (9/15)             Temple (1/1) D:4            Lair (3/5) D:9
  Swamp (0/4) Lair:2       Bailey (visited)
  Snake: Lair:2-3    Spider: Lair:2-3       Orc: D:9-12

Altars:
Ashenzari
Cheibriados
Dithmenos
Elyvilon
Fedhas
Gozag
Hepliaklqana
Kikubaaqudgha
Makhleb
Nemelex Xobeh
Okawaru
Qazlal
Ru
Sif Muna
Trog
Uskayaw
Vehumet
Wu Jian
Xom
Yredelemnul
Zin
The Shining One

Shops:
D:1 :


Innate Abilities, Weirdness & Mutations

You are a creature with a mouth for a stomach.
Your midsection houses a second, enormous mouth.
You are too large for most types of armour.
You have claws for hands.
Your natural rate of healing is unusually fast.
You are covered in fur. (AC +1)
You have tough skin. (AC +1)


Message History

Aim: a five-headed hydra (lightly wounded)
The five-headed hydra writhes in agony.
Aiming: Corrosive Bolt
Press: ? - help, Shift-Dir - straight line, f/p - five-headed hydra
Aim: a five-headed hydra (lightly wounded, 90% to hit)
The bolt of acid hits the five-headed hydra!
The acid corrodes the five-headed hydra!
The five-headed hydra is moderately wounded.
The five-headed hydra closely misses you.
The five-headed hydra bites you! The five-headed hydra bites you.
The five-headed hydra closely misses you.
The five-headed hydra bites you.
Aiming: Corrosive Bolt
Press: ? - help, Shift-Dir - straight line, f/p - five-headed hydra
Aim: a five-headed hydra (moderately wounded, covered in acid, 90% to hit)
The bolt of acid hits the five-headed hydra!
The five-headed hydra seems to be corroded for longer.
The five-headed hydra is heavily wounded.
The five-headed hydra bites you! x2; The five-headed hydra misses you.
The five-headed hydra bites you. The five-headed hydra bites you!
Aiming: Corrosive Bolt
Press: ? - help, Shift-Dir - straight line, f/p - five-headed hydra
Aim: a five-headed hydra (heavily wounded, covered in acid, 90% to hit)
The bolt of acid hits the five-headed hydra!
The five-headed hydra seems to be corroded for longer.
The five-headed hydra is heavily wounded.
The five-headed hydra barely misses you.
The five-headed hydra bites you!
The five-headed hydra closely misses you.
The five-headed hydra bites you!
* * * LOW HITPOINT WARNING * * *
The five-headed hydra bites you!
* * * LOW HITPOINT WARNING * * *
As you read the scroll of teleportation, it crumbles to dust.
You feel strangely unstable.
The five-headed hydra bites you but does no damage.
The five-headed hydra bites you!
* * * LOW HITPOINT WARNING * * *
The five-headed hydra bites you!
You die...

.#.......#.#.# ..............
..........##.# ..... ........
P##.......#..######..............
##............##.##........ ....
#............#P........... ##.#
##........................ #.#.
#..........#.............# ##.#
..##......#....D.........# #.##
##........†.W.........#####.P
#...####..............##.#..
..... #..................##..
..........#..................
......#...................
......................###♣
....##...........)..### ##..
..#..........### # ....#.. #.


You could see a five-headed hydra (corroded).

Vanquished Creatures
  A two-headed ogre (D:9)
  Pikel (D:4)
  2 black mambas (Lair:1)
  Maggie (D:7)
  4 cane toads
  Jeremiah (Lair:1)
  2 rime drakes
  3 komodo dragons (Lair:2)
  A polar bear (Lair:2)
  A troll (D:9)
  4 blink frogs (Lair:1)
  Sigmund (D:5)
  19 yaks
  A wraith (D:7)
  2 wyverns
  Grum (D:9)
  2 basilisks
  2 steam dragons
  A swamp worm (Lair:2)
  An acid dragon (D:8)
  3 water moccasins
  6 orc warriors
  2 black bears
  4 ice beasts
  A sky beast (D:7)
  6 wolves
  2 centaurs (D:9)
  An ogre (D:6)
  3 lemures (D:4)
  6 kobold brigands (Bailey)
  Blork the orc (D:5)
  2 bullfrogs
  A wyvern zombie (D:7)
  A scorpion (D:6)
  A burial acolyte (D:7)
  12 wights
  The ghost of binmo the Ducker, a weakling GnMo (D:3)
  6 killer bees (D:7)
  7 howler monkeys
  2 electric eels (Lair:1)
  3 bombardier beetles
  10 hounds
  4 gnoll boudas (D:9)
  A jelly (D:5)
  2 orc priests
  Jessica (D:3)
  Natasha (thrice) (D:3)
  2 iguanas (D:6)
  6 orc wizards
  2 hell rats (Lair:2)
  16 gnolls
  11 adders
  8 river rats (Lair:2)
  A shadow imp (D:8)
  4 white imps
  2 ufetubi (D:5)
  A dart slug (D:1)
  3 ribbon worms
  28 orcs
  6 ball pythons
  3 bats
  6 endoplasms
  8 giant cockroaches
  9 goblins
  3 hobgoblins
  4 jackals (D:1)
  18 kobolds
  3 quokkas
  6 frilled lizards
  8 rats
301 creatures vanquished.

Vanquished Creatures (collateral kills)
  A hydra (Lair:2)
1 creature vanquished.

Vanquished Creatures (others)
  An arcanist (D:9)
  A human (D:7)
2 creatures vanquished.

Grand Total: 304 creatures vanquished

Notes
Turn   | Place    | Note
-------+----------+-------------------------------------------
     0 | D:1      | Toastz the Troll Shapeshifter began the quest for the Orb.
     0 | D:1      | Reached XP level 1. HP: 18/18 MP: 0/0
    41 | D:1      | Found Ostrej's Book Shop.
    77 | D:1      | Reached skill level 1 in Fighting
    84 | D:1      | Reached XP level 2. HP: 27/27 MP: 1/1
   538 | D:1      | Reached XP level 3. HP: 33/33 MP: 2/2
   992 | D:2      | Found a glowing silver altar of Zin.
  1206 | D:3      | Reached XP level 4. HP: 41/41 MP: 3/3
  1217 | D:3      | Noticed Natasha
  1220 | D:3      | Killed Natasha
  1280 | D:3      | Found a white marble altar of Elyvilon.
  1358 | D:3      | Noticed Natasha
  1365 | D:3      | Killed Natasha
  1436 | D:3      | Found a faded altar of an unknown god.
  1587 | D:3      | Noticed Natasha
  1591 | D:3      | Killed Natasha
  1592 | D:3      | Reached XP level 5. HP: 42/49 MP: 4/4
  1625 | D:3      | Found a burning altar of Makhleb.
  1636 | D:3      | Became a worshipper of Makhleb the Destroyer
  1643 | D:3      | Noticed binmo's ghost (weakling GnMo)
  1651 | D:3      | Found a runed translucent door.
  1660 | D:3      | Noticed Jessica
  1664 | D:3      | Killed Jessica
  1781 | D:3      | Killed binmo's ghost
  1824 | D:3      | Found a shimmering altar of Xom.
  1824 | D:3      | Found a shimmering altar of Xom.
  2040 | D:4      | Found a staircase to the Ecumenical Temple.
  2044 | D:4      | Reached skill level 4 in Unarmed Combat
  2044 | D:4      | Reached XP level 6. HP: 50/57 MP: 5/5
  2103 | Temple   | Entered the Ecumenical Temple
  2556 | D:4      | Reached * piety under Makhleb
  2728 | D:5      | Entered Level 5 of the Dungeon
  2793 | D:5      | Noticed Blork the orc
  2801 | D:5      | Killed Blork the orc
  2802 | D:5      | Reached skill level 5 in Shapeshifting
  2907 | D:5      | Reached XP level 7. HP: 63/66 MP: 6/6
  2918 | D:5      | Noticed Pikel
  2963 | D:4      | Killed Pikel
  2964 | D:4      | Reached skill level 5 in Unarmed Combat
  3160 | D:5      | Found a broken altar of Ashenzari.
  3171 | D:5      | Found a glowing golden altar of the Shining One.
  3238 | D:5      | Reached XP level 8. HP: 60/75 MP: 7/7
  3287 | D:5      | Noticed Sigmund
  3296 | D:5      | Killed Sigmund
  3590 | D:6      | Found an opulent altar of Gozag.
  3837 | D:6      | Reached skill level 6 in Unarmed Combat
  3865 | D:6      | Reached ** piety under Makhleb
  3969 | D:6      | Reached XP level 9. HP: 73/85 MP: 8/8
  4067 | D:6      | Reached skill level 5 in Dodging
  4310 | D:7      | Found an ancient bone altar of Kikubaaqudgha.
  4377 | D:7      | Reached skill level 5 in Fighting
  4673 | D:7      | Noticed Maggie
  4689 | D:7      | Killed Maggie
  4690 | D:7      | Reached skill level 7 in Unarmed Combat
  5038 | D:7      | Found a radiant altar of Vehumet.
  5399 | D:8      | Reached *** piety under Makhleb
  5400 | D:8      | Reached XP level 10. HP: 96/96 MP: 9/9
  6006 | D:9      | Noticed a two-headed ogre
  6016 | D:9      | Killed a two-headed ogre
  6160 | D:9      | Found a flagged portal.
  6180 | Bailey   | Entered a bailey
  6306 | Bailey   | Reached skill level 8 in Unarmed Combat
  6309 | Bailey   | Reached **** piety under Makhleb
  6351 | Bailey   | Found a bloodstained altar of Trog.
  6451 | D:9      | Noticed Grum
  6576 | D:9      | Killed Grum
  6582 | D:9      | Paralysed by an orc for 3 turns
  6660 | D:9      | Found a sparkling altar of Nemelex Xobeh.
  6733 | D:9      | Reached skill level 10 in Shapeshifting
  6794 | D:9      | Found a staircase to the Lair.
  6945 | D:9      | Found a bloodstained altar of Trog.
  6946 | D:9      | Noticed a wizard
  6952 | D:9      | Killed a wizard
  7195 | Lair:1   | Entered Level 1 of the Lair of Beasts
  7198 | Lair:1   | Reached XP level 11. HP: 105/107 MP: 10/10
  7316 | Lair:1   | Reached skill level 9 in Unarmed Combat
  7493 | Lair:1   | Reached ***** piety under Makhleb
  7534 | Lair:1   | Noticed Jeremiah
  7555 | Lair:1   | Killed Jeremiah
  7685 | Lair:1   | Reached skill level 1 in Invocations
  7858 | Lair:1   | Reached skill level 10 in Unarmed Combat
  8169 | Lair:2   | Noticed a five-headed hydra
  8430 | Lair:2   | Found a staircase to the Swamp.
  8459 | Lair:2   | You fall into a shaft and drop 1 floor!
  8560 | Lair:2   | Reached XP level 12. HP: 119/119 MP: 13/13
  8627 | Lair:2   | Noticed a five-headed hydra
  8639 | Lair:2   | Killed a five-headed hydra
  8640 | Lair:2   | Reached skill level 11 in Unarmed Combat
  8769 | Lair:2   | HP: 2/119 [five-headed hydra (14)]
  8769 | Lair:2   | Mangled by a five-headed hydra

Illustrated notes

Levels and vault maps discovered:
D:1:      onia_arrival_mini_spirals, layout_loops_cross, serial_shops, shop
D:2:      layout_rooms, basic_altar, minmay_misc_feat_more_columns,
          moated_statue
D:3:      layout_rooms, mainiacjoe_overflow_tiny_flanked, elyvilon_altar_3,
          xom_redecorated, hellmonk_ghost_happy_afterlife,
          shapermc_ecumenical_altar_hornbeckon, uniq_jessica, uniq_natasha
D:4:      layout_loops_ring, minmay_temple_entry_statues_pillars,
          kennysheep_generic_room_3
D:5:      layout_loops_cross, mainiacjoe_overflow_swirl, uniq_pikel,
          uniq_blork_the_orc, uniq_sigmund
D:6:      layout_loops_ring, kennysheep_little_box
D:7:      layout_cave_pods, tgw_kikubaaqudgha, lemuel_tele_altar, uniq_maggie
D:8:      layout_loops_corners, st_stairs_1
D:9:      layout_big_octagon, trog_wizard, mainiacjoe_overflow_boulevard,
          dpeg_oklobed_lair, enter_bailey_6, serial_gnoll_camp, grums_kennel,
          gnoll_camp_mini_house, gnoll_camp_mini_loothouse,
          gnoll_camp_mini_house, gnoll_camp_mini_hut, grunt_ministairs_6
Temple:   chequers_temple_sunken
Lair:1:   layout_gridlike, uniq_jeremiah
Lair:2:   layout_cave_shapes, minmay_swamp_entry_worms, kennysheep_rathole
Lair:3:   layout_hall_layers, spider_nest_entry_funnel_web, minivault_27,
          chequers_serial_rivers_micro_e, grunt_megastairs_3

Skill      XL: |  1  2  3  4  5  6  7  8  9 10 11 12 |
---------------+-------------------------------------+-----
Fighting       | 1 2 3 4 5 6 7 |  7.7
Dodging        | 2 3 4 5 6 7 8 |  8.0
Shapeshifting  | 4 5 6 7 8 10 | 10.0
Unarmed Combat | 4 5 6 7 8 10 11 | 11.0
Invocations    | 2 3 |  3.2

Action                     |  1- 3 |  4- 6 |  7- 9 | 10-12 || total
---------------------------+-------+-------+-------+-------++-------
  Melee: Unarmed           |    92 |    94 |   231 |   321 ||   738
         Punch             |     2 |     1 |     5 |    15 ||    23
         Maw               |       |       |       |    46 ||    46
  Throw: Boomerang         |       |       |       |     1 ||     1
 Invoke: Minor Destruction |       |       |       |     9 ||     9
         Lesser Servant of |       |       |       |     1 ||     1
  Evoke: Wand              |       |       |     6 |    11 ||    17
    Use: Scroll            |       |     5 |     7 |     4 ||    16
         Potion            |       |       |     2 |       ||     2
   Stab: Sleeping          |     1 |       |       |       ||     1
 Armour: Animal skin       |    61 |    50 |    71 |       ||   182
         Skin              |       |       |   116 |   132 ||   248
         Swamp dragon scal |       |       |    21 |   221 ||   242
         Troll leather arm |       |       |       |     5 ||     5
  Dodge: Dodged            |    37 |    30 |   122 |   213 ||   402
   Form: Beast             |       |       |     3 |       ||     3
         Flux              |       |       |     2 |       ||     2
         Maw               |       |       |       |     1 ||     1

Table legend: (Time is in decaauts)
 A = Elapsed time spent in this place.
 B = Non-inter-level travel time spent in this place.
 C = Inter-level travel time spent in this place.
 D = Time resting spent in this place.
 E = Time spent auto-exploring this place.
 F = Levels seen in this place.
 G = Mean time per level.
                   A        B        C        D        E       F      G
               +--------+--------+--------+--------+--------+-----+--------+
         Total |   8698 |   8323 |    375 |    572 |   5695 |  14 |  621.3 |
       Dungeon |   6865 |   6596 |    269 |    400 |   4613 |   9 |  762.8 |
        Temple |     49 |     25 |     24 |      0 |      0 |   1 |   49.0 |
          Lair |   1548 |   1466 |     82 |    153 |    998 |   3 |  516.0 |
        Bailey |    234 |    234 |      0 |     19 |     84 |   1 |  234.0 |
               +--------+--------+--------+--------+--------+-----+--------+

Top non-repeatable levels by time:
     D:9: 1032 daAuts
  Lair:1: 1020 daAuts
     D:7: 912 daAuts
     D:8: 855 daAuts
     D:1: 842 daAuts
     D:4: 773 daAuts
     D:3: 767 daAuts
     D:5: 679 daAuts
     D:6: 662 daAuts
  Lair:2: 522 daAuts
     D:2: 339 daAuts
  Bailey: 234 daAuts
  Temple: 49 daAuts
  Lair:3: 5 daAuts
